 Dungeon Crawl Stone Soup version 0.31-a0-1074-g0b22e4e0f1 (webtiles) character file.

Game seed: 16301641002729252051

325 grandjackal the Twirler (level 6, -2/48 HPs)
             Began as a Djinni Gladiator on Nov 29, 2023.
             Splashed by a jelly's acid (5 damage)
             ... on level 4 of the Dungeon.
             The game lasted 00:03:36 (3621 turns).

grandjackal the Twirler (Djinni Gladiator)          Turns: 3621, Time: 00:03:36

Health: -2/48      AC: -4    Str: 13    XL:     6   Next: 78%
Gold:   121        EV: 12    Int: 12    God:
                   SH:  0    Dex: 14

rFire   + + .        a - +0 quarterstaff
rCold   x . .        (shield currently unavailable)
rNeg    . . .        b - +0 leather armour
rPois   ∞            c - +0 helmet
rElec   .            (no cloak)
rCorr   .            (no gloves)
SInv    .            (boots unavailable)
Will    .....        (no amulet)
Stlth   +            (no ring)
HPRegen 0.28/turn    (no ring)
MPRegen 0.00/turn

%: infuse magic (-3 HP)
@: corroded, flying
A: sickness immunity, fire resistance 2, cold vulnerability 1, float, innate
caster, HP casting, extra vitality 1
a: no special abilities


You were on level 4 of the Dungeon.
You visited 1 branch of the dungeon, and saw 4 of its levels.

You collected 121 gold pieces.

Inventory:

Hand Weapons
 a - a +0 quarterstaff (weapon)
Missiles
 d - 3 throwing nets
 e - 3 javelins
 h - 10 poisoned darts (quivered)
 s - a curare-tipped dart
Armour
 b - a +0 leather armour (worn)
 c - a +0 helmet (worn)
 o - a +0 kite shield
Jewellery
 f - a +6 ring of dexterity
 m - a +6 ring of dexterity
Wands
 n - a wand of paralysis (10)
Scrolls
 g - 4 scrolls of blinking {unknown}
 i - 2 scrolls of identify {unknown}
 l - a scroll of fog {unknown}
 q - a scroll of amnesia {unknown}
 t - 3 scrolls of teleportation {unknown}
Potions
 j - 2 potions of mutation {unknown}
 k - 3 potions of degeneration {unknown}
 p - a potion of heal wounds {unknown}
 r - 3 potions of curing {unknown}


   Skills:
 + Level 4.4 Fighting
 + Level 4.5 Staves
 - Level 1.5 Throwing
 - Level 3.2 Dodging
 + Level 2.3 Evocations


You knew the following spells:

 Your Spells              Type           Power      Damage    Failure   Level
a - Sting                 Tmut/Pois      0%         1d3       38%         1
b - Ensorcelled Hibernat  Hex/Ice        0%         N/A       54%         2
Your spell library was empty.

Dungeon Overview and Level Annotations

Branches:
Dungeon (4/15)
 Temple: D:4-7

Altars:
Uskayaw
Yredelemnul

Annotations:
D:3 3 runed translucent doors, nmoody145's ghost, amateur HOFi


Innate Abilities, Weirdness & Mutations

You are immune to sickness and miasma.
You are immune to poison.
Your flesh is very heat resistant. (rF++)
You are vulnerable to cold. (rC-)
You float through the air rather than walking.
You learn spells naturally, not from books.
Your magical power is your life essence.
You have superior vitality. (+4 MHP)


Message History

The helpless jelly fails to defend itself.
You hit the jelly.
Your hands burn!
The jelly is lightly wounded.
The jelly hits you but does no damage.
You hit the jelly but do no damage.
Your hands burn!
The jelly is lightly wounded.
The jelly closely misses you.
You hit the jelly.
Your hands burn!
The jelly is lightly wounded.
The jelly barely misses you.
You hit the jelly. The acid corrodes you!
Your hands burn!
The jelly is moderately wounded.
The jelly hits you.
You are splashed with acid!
You are too injured to fight recklessly!
The jelly attacks as it pursues you! The jelly barely misses you.
You see here a glowing yellow potion.
Aiming: Paralyse
Press: ? - help, Shift-Dir - straight line, f - jelly
Aim: a jelly (moderately wounded, chance to affect: 64%)
Okay, then.
The jelly attacks as it pursues you! The jelly barely misses you.
The jelly attacks as it pursues you! The jelly hits you.
You are splashed with acid!
* * * LOW HITPOINT WARNING * * *
Aiming: Paralyse
Press: ? - help, Shift-Dir - straight line, f - jelly
Aim: a jelly (moderately wounded, chance to affect: 64%)
The jelly suddenly stops moving!
Unknown command.
The helpless jelly fails to defend itself.
You hit the jelly.
Your hands burn!
* * * LOW HITPOINT WARNING * * *
The jelly is heavily wounded.
The helpless jelly fails to defend itself.
You hit the jelly. The acid corrodes you!
Your hands burn!
* * * LOW HITPOINT WARNING * * *
The jelly is heavily wounded.
The helpless jelly fails to defend itself.
You hit the jelly.
Your hands burn!
You die...

###.......# #......##
###...## # #...######
#.## #........# #
...######...####)#.#
#................#
#>>.)............#
#.#.###!..J@...."......#
#......######...........
#..###.# #...#####.##
#.# #...# # #.# #...#
..# ....# ### ##...#
..#.#


You could see a jelly (paralysed).

Vanquished Creatures
  An ogre (D:3)
  A kobold brigand (D:3)
  Ijyb (D:3)
  An orc wizard (D:3)
  5 adders
  A worm (D:2)
  3 dart slugs
  4 orcs
  3 ball pythons (D:2)
  4 bats
  9 endoplasms
  6 goblins
  6 hobgoblins
  3 quokkas
  2 frilled lizards
  9 kobolds
  6 rats
65 creatures vanquished.

Notes
Turn   | Place    | Note
-------+----------+-------------------------------------------
     0 | D:1      | grandjackal the Djinni Gladiator began the quest for the
                  | Orb.
     0 | D:1      | Reached XP level 1. HP: 18/18 MP: 0/0
   240 | D:1      | Reached XP level 2. HP: 10/24 MP: 0/0
   321 | D:1      | Found a faded altar of an unknown god.
  1046 | D:2      | Reached XP level 3. HP: 29/29 MP: 0/0
  1046 | D:2      | Learned a level 1 spell: Sting
  1624 | D:2      | Reached XP level 4. HP: 35/35 MP: 0/0
  2060 | D:3      | Noticed Ijyb
  2060 | D:3      | Paralysed by Ijyb for 3 turns
  2064 | D:3      | Paralysed by Ijyb for 4 turns
  2075 | D:3      | Killed Ijyb
  2249 | D:3      | Reached XP level 5. HP: 40/40 MP: 0/0
  2249 | D:3      | Learned a level 2 spell: Ensorcelled Hibernation
  2449 | D:3      | Reached skill level 1 in Evocations
  2597 | D:3      | Found a runed translucent gate.
  2598 | D:3      | Noticed a kobold brigand
  2598 | D:3      | Noticed nmoody145's ghost (amateur HOFi)
  2600 | D:3      | Found a runed translucent gate.
  2600 | D:3      | Found a runed translucent gate.
  3053 | D:4      | Noticed an ogre
  3053 | D:4      | Noticed a kobold brigand
  3084 | D:3      | Killed an ogre
  3085 | D:3      | Reached XP level 6. HP: 43/47 MP: 0/0
  3546 | D:4      | Found a hide-covered altar of Uskayaw.
  3546 | D:4      | Found a basalt altar of Yredelemnul.
  3620 | D:4      | HP: 2/48 [acid (3)]
  3621 | D:4      | Splashed by a jelly's acid

Illustrated notes

Levels and vault maps discovered:
D:1:      lightli_molten_gateway, layout_rooms,
          shapermc_ecumenical_altar_pompeii, serial_co_window_serial,
          co_window_paths_b, co_window_corner_a, co_window_paths_a,
          co_window_of_opportunity_a, co_window_paths_a, co_window_corner_ca,
          co_window_broadway_c, co_window_cross_3, co_window_corner_b,
          co_window_unsneaky_path_c, co_window_broadway_a
D:2:      layout_loops_corners, minmay_tromino_v4_c
D:3:      layout_loops_ring, gammafunk_ghost_nasty_kobolds, minmay_bisected,
          uniq_ijyb
D:4:      layout_loops_cross, gammafunk_temple_overflow_statue,
          corexii_corridor_pit

Skill      XL: |  1  2  3  4  5  6 |
---------------+-------------------+-----
Staves         | 3 4 |  4.5
Fighting       | 3 4 |  4.4
Evocations     | 1 2 |  2.3
Throwing       | |  1.5
Dodging        | |  3.2

Action                     |  1- 3 |  4- 6 || total
---------------------------+-------+-------++-------
  Melee: Quarterstaff      |    60 |   135 ||   195
  Throw: Dart              |       |     3 ||     3
  Evoke: Wand              |       |     2 ||     2
   Stab: Sleeping          |       |     2 ||     2
         Paralysed         |       |     8 ||     8
 Armour: Leather armour    |    33 |    81 ||   114
  Dodge: Dodged            |    38 |    65 ||   103

Table legend: (Time is in decaauts)
 A = Elapsed time spent in this place.
 B = Non-inter-level travel time spent in this place.
 C = Inter-level travel time spent in this place.
 D = Time resting spent in this place.
 E = Time spent auto-exploring this place.
 F = Levels seen in this place.
 G = Mean time per level.
                   A        B        C        D        E       F      G
               +--------+--------+--------+--------+--------+-----+--------+
         Total |   3645 |   3374 |    271 |    341 |   2507 |   4 |  911.2 |
       Dungeon |   3645 |   3374 |    271 |    341 |   2507 |   4 |  911.2 |
               +--------+--------+--------+--------+--------+-----+--------+

Top non-repeatable levels by time:
     D:3: 1438 daAuts
     D:1: 1047 daAuts
     D:2: 975 daAuts
     D:4: 183 daAuts
